 Dungeon Crawl Stone Soup version 0.20-a0-577-g60d8699 (webtiles) character file.

18689 Heleg the Blocker (level 12, -8/106 HPs)
             Began as a Minotaur Fighter on Feb 3, 2017.
             Was a High Priest of Okawaru.
             Mangled by Urug
             ... wielding a +1 eveningstar of protection
              (18 damage)
             ... on level 1 of the Orcish Mines on Feb 6, 2017.
             The game lasted 02:44:11 (11234 turns).

Heleg the Blocker (Minotaur Fighter)               Turns: 11234, Time: 02:44:15

Health: -8/106     AC: 22    Str: 34      XL:     12   Next: 29%
Magic:  10/11      EV: 13    Int:  8 (9)  God:    Okawaru [*****.]
Gold:   750        SH: 20    Dex: 16      Spells: 10/11 levels left

rFire    . . .     SeeInvis +   k - +1 spear (distort)
rCold    . . .     Gourm    .   s - +2 chain mail
rNeg     . . .     Faith    .   p - +5 shield
rPois    .         Spirit   .   P - +1 hat
rElec    .         Reflect  .   v - +1 cloak {+Inv}
rCorr    .         Harm     .   o - +0 pair of gloves
MR       ++...                  R - +2 pair of boots
Stlth    ..........             g - amulet of regeneration
Regen    0.4/turn               y - ring of Serendipity {MR+ Str+3 Int+4 Dex+6 SInv}
                                w - ring of protection from magic

@: mighty
A: retaliatory headbutt, horns 2, slow regeneration 1
a: Heroism, Finesse, Renounce Religion, Evoke Invisibility


You were on level 1 of the Orcish Mines.
You worshipped Okawaru.
Okawaru was extremely pleased with you.
You were very full.

You visited 2 branches of the dungeon, and saw 13 of its levels.
You also visited: Ossuary.

You collected 1045 gold pieces.
You spent 295 gold pieces at shops.

Inventory:

Hand Weapons
 j - a +3 arbalest of flaming
 k - a +1 spear of distortion (weapon)
 A - a +0 shortbow of velocity
 W - a +2 trident of flaming
Missiles
 t - 15 tomahawks (quivered)
Armour
 b - +0 acid dragon scales
 o - a +0 pair of gloves (worn)
 p - a +5 shield (worn)
 r - a +0 troll leather armour
 s - a +2 chain mail (worn)
 v - a +1 cloak of invisibility (worn)
 G - a cursed +0 robe
 P - a +1 hat (worn)
 R - a +2 pair of boots (worn)
Jewellery
 e - an uncursed amulet of faith
 g - an amulet of regeneration (around neck)
 h - an uncursed amulet of magic regeneration
 w - a ring of protection from magic (left hand)
 y - the ring of Serendipity (right hand) {MR+ Str+3 Int+4 Dex+6 SInv}
   (You found it on level 6 of the Dungeon)

   [ring of see invisible]

   It affects your strength (+3).
   It affects your intelligence (+4).
   It affects your dexterity (+6).
   It affects your resistance to hostile enchantments.
   It lets you see invisible.
 O - a +2 ring of intelligence
Wands
 d - a wand of digging (24/24)
 x - a wand of digging (9/24)
 D - a wand of random effects (46/48)
 J - a wand of polymorph (5/24)
Scrolls
 a - 3 scrolls of teleportation
 q - 5 scrolls of remove curse
 u - a scroll of recharging
 z - a scroll of enchant armour
 I - a scroll of fog
Potions
 c - a potion of cancellation
 i - 2 potions of curing
 n - a potion of brilliance
 F - 2 potions of invisibility
Miscellaneous
 K - a fan of gales (inert)
 L - a lamp of fire (inert)
Comestibles
 f - 2 bread rations
 l - 7 fruits
 m - 4 meat rations
 C - 4 chunks of flesh
 M - 6 royal jellies


   Skills:
 + Level 10.1 Fighting
   Level 4.3 Long Blades
 + Level 12.7 Polearms
 + Level 10.7 Armour
 + Level 5.7 Dodging
 + Level 1.3 Stealth
 + Level 13.3 Shields
 + Level 1.2 Evocations


You had 10 spell levels left.
You knew the following spells:

 Your Spells              Type           Power        Failure   Level  Hunger
a - Confusing Touch       Hex            #.....       99%         1    ##.....


Dungeon Overview and Level Annotations

Branches:
Dungeon (12/15)            Temple (0/1) D:5            Lair (0/6) D:11
    Orc (1/2) D:12

Altars:
Dithmenos
Elyvilon
Fedhas
Gozag
Hepliaklqana
Kikubaaqudgha
Makhleb
Nemelex Xobeh
Okawaru
Sif Muna
Trog
Yredelemnul
Beogh

Shops:
D:4 *   D:5 %   D:7 :   D:8 [

Annotations:
Orc:1 Urug
Abyss:1 Grinder


Innate Abilities, Weirdness & Mutations

You reflexively headbutt those who attack you in melee.
You have a pair of horns on your head.
You regenerate slowly when monsters are visible.


Message History

The orc warlord roars a battlecry!
The orc wizard goes into a battle-frenzy!
As you read the scroll of teleportation, it crumbles to dust.
You feel strangely unstable. The warg barely misses you.
You furiously retaliate!
You headbutt the warg!!
You kill the warg!
Okawaru accepts your kill.
The orc wizard casts a spell.
The orc wizard blinks!
You hit Urug.
Urug is lightly wounded.
Urug blinks!
As you read the scroll of teleportation, it crumbles to dust.
You feel strangely stable.
You feel like a meek peon again. The troll bites you.
* * * LOW HITPOINT WARNING * * *
You block the troll's attack. The troll claws you but does no damage.
Urug hits you with an eveningstar of protection!!
You die...

..
##oo.........
.#. ##.o...#...
#... #.....#...
#..####.....#..
#...#o#o§#...#
#oooo.....#
##oooo..#...#
##T#ooo.....##
#@oooo......#
##o##o##.#.##
###### ####


You could see an orc warlord, Urug, a troll, 5 orc warriors, an orc priest and
10 orcs.

Vanquished Creatures
  The ghost of Devintownsend the Cleaver, a journeyman MiFi of Okawaru (D:10)
  Erica (D:11)
  A two-headed ogre (D:9)
  A death knight (D:11)
  An orc high priest (Orc:1)
  2 skeletal warriors (D:11)
  2 unseen horrors
  A manticore (D:11)
  A cyclops (D:11)
  The ghost of deskach the Thaumaturge, a novice DECj of Vehumet (D:7)
  4 trolls
  A meliai (D:11)
  The ghost of crawlisdead the Covered, an amateur BaFi (D:4)
  3 hippogriffs
  2 vampires
  5 yaks (D:11)
  A wyvern (D:12)
  3 hungry ghosts
  A human (D:12)
  2 wargs (Orc:1)
  2 acid dragons
  3 soldier ants (D:10)
  3 ice beasts
  6 orc warriors
  2 sky beasts
  6 ogres
  2 necrophages
  4 centaurs
  Blork the orc (D:6)
  An elf zombie (D:7)
  3 bullfrogs
  2 water moccasin zombies
  4 scorpions
  13 killer bees
  A troll skeleton (D:7)
  8 crimson imps
  3 centaur zombies
  5 hounds
  A bullfrog skeleton (D:6)
  2 bullfrog zombies
  7 orc wizards
  4 human zombies (D:7)
  3 orc priests
  3 iguanas
  A human skeleton (D:7)
  5 worker ants
  A killer bee zombie (Ossuary)
  2 hound zombies
  A hound skeleton (D:6)
  15 mummies
  2 worker ant zombies
  A howler monkey skeleton (D:11)
  8 adders
  3 gnolls (D:5)
  2 shadow imps
  2 adder zombies (Ossuary)
  6 worms
  2 dart slugs (D:2)
  4 leopard geckos
  52 orcs
  4 giant cockroaches
  7 goblins
  9 hobgoblins
  4 jackals (D:5)
  3 quokkas
  A ball python (D:1)
  7 bats
  4 frilled lizards
  6 kobolds
  An orc zombie (D:7)
  2 quokka zombies
  5 rats
  2 fungi (D:1)
  8 withered plants (Ossuary)
294 creatures vanquished.

Vanquished Creatures (others)
  A two-headed ogre (D:11)
  The ghost of Devintownsend the Basher, a novice MiFi of Okawaru (D:8)
  A skeletal warrior (D:11)
  A phantasmal warrior (D:11)
  A freezing wraith (D:11)
  2 trolls (D:12)
  An ice beast (D:6)
  A sky beast (D:8)
  2 bullfrogs
  A quasit (D:7)
  3 centaur zombies
  A bullfrog skeleton (D:7)
  A jelly (D:5)
  A human zombie (D:7)
  An orc priest (D:12)
  An orc wizard (D:9)
  2 mummies (Ossuary)
  A worker ant (D:6)
  An adder (D:8)
  An adder skeleton (D:5)
  3 orcs
  A quokka (D:7)
  4 withered plants (Ossuary)
33 creatures vanquished.

Grand Total: 327 creatures vanquished

Notes
Turn   | Place    | Note
-------+----------+-------------------------------------------
     0 | D:1      | Heleg the Minotaur Fighter began the quest for the Orb.
     0 | D:1      | Reached XP level 1. HP: 19/19 MP: 0/0
   378 | D:1      | Reached XP level 2. HP: 27/27 MP: 1/1
   950 | D:1      | Reached skill level 4 in Shields
  1044 | D:2      | Found a bloodstained altar of Trog.
  1228 | D:2      | Reached XP level 3. HP: 25/33 MP: 2/2
  1484 | D:2      | Found a deep blue altar of Sif Muna.
  1484 | D:2      | Found an iron altar of Okawaru.
  1489 | D:2      | Found a sparkling altar of Nemelex Xobeh.
  1506 | D:2      | Became a worshipper of Warmaster Okawaru
  1817 | D:3      | Found an opulent altar of Gozag.
  1817 | D:3      | Found a white marble altar of Elyvilon.
  1825 | D:3      | Found a faded altar of an unknown god.
  1830 | D:3      | Found a burning altar of Makhleb.
  1832 | D:3      | Found an ancient bone altar of Kikubaaqudgha.
  1957 | D:3      | Reached XP level 4. HP: 40/40 MP: 3/3
  2064 | D:3      | Found a blossoming altar of Fedhas.
  2175 | D:3      | Found a hazy altar of Hepliaklqana.
  2717 | D:3      | Reached XP level 5. HP: 47/47 MP: 4/4
  3037 | D:4      | Found Kaafaitt's General Store.
  3044 | D:4      | Reached skill level 1 in Dodging
  3059 | D:4      | Bought a +0 helmet for 49 gold pieces
  3059 | D:4      | Bought a scroll of magic mapping for 38 gold pieces
  3176 | D:4      | Noticed crawlisdead's ghost (amateur BaFi)
  3189 | D:4      | Killed crawlisdead's ghost
  3189 | D:4      | Reached * piety under Okawaru
  3189 | D:4      | Reached skill level 5 in Shields
  3189 | D:4      | Reached XP level 6. HP: 28/53 MP: 5/5
  3358 | D:4      | Learned a level 1 spell: Confusing Touch
  3425 | D:5      | Entered Level 5 of the Dungeon
  3697 | D:5      | Found a sand-covered staircase.
  3708 | Ossuary  | Entered an ossuary
  3744 | Ossuary  | Reached XP level 7. HP: 60/60 MP: 6/6
  3751 | Ossuary  | Reached skill level 1 in Stealth
  3783 | Ossuary  | Reached skill level 5 in Armour
  3839 | Ossuary  | Reached skill level 5 in Fighting
  3889 | Ossuary  | Reached skill level 5 in Polearms
  3942 | Ossuary  | Reached skill level 6 in Shields
  3971 | Ossuary  | Learned a level 1 spell: Confusing Touch
  4050 | Ossuary  | Reached ** piety under Okawaru
  4095 | Ossuary  | Reached XP level 8. HP: 68/68 MP: 7/7
  4247 | D:5      | Found a staircase to the Ecumenical Temple.
  4328 | D:5      | Found Kukhliuch's Food Shop.
  4361 | D:5      | Bought 4 fruits for 78 gold pieces
  4361 | D:5      | Bought a bread ration for 65 gold pieces
  4361 | D:5      | Bought a meat ration for 65 gold pieces
  4799 | D:6      | Noticed Grinder
  4817 | D:6      | Noticed a troll
  4894 | D:5      | Killed a troll
  4894 | D:5      | Reached skill level 7 in Shields
  5053 | D:6      | Paralysed by Grinder for 4 turns
  5248 | D:6      | Got a serpentine wooden ring
  5445 | D:6      | Noticed Blork the orc
  5464 | D:6      | Killed Blork the orc
  5651 | D:6      | Reached *** piety under Okawaru
  5783 | D:6      | Banished Grinder
  5783 | D:6      | Reached XP level 9. HP: 69/75 MP: 8/8
  5909 | D:7      | Reached skill level 8 in Shields
  6009 | D:7      | Noticed deskach's ghost (novice DECj)
  6042 | D:7      | Killed deskach's ghost
  6094 | D:7      | Found a basalt altar of Yredelemnul.
  6121 | D:7      | Reached **** piety under Okawaru
  6533 | D:7      | Reached skill level 9 in Shields
  6684 | D:7      | Found Gasias's Book Emporium.
  6805 | D:8      | Noticed Devintownsend's ghost (novice MiFi)
  6813 | D:8      | Banished Devintownsend's ghost
  7125 | D:8      | Reached XP level 10. HP: 86/86 MP: 9/9
  7157 | D:8      | Reached skill level 10 in Polearms
  7407 | D:8      | Found Coekav's Antique Armour Shoppe.
  7983 | D:8      | Found a roughly hewn altar of Beogh.
  7985 | D:8      | Reached skill level 10 in Shields
  7998 | D:8      | Received a gift from Okawaru
  8067 | D:9      | Noticed a two-headed ogre
  8091 | D:9      | Killed a two-headed ogre
  8094 | D:9      | Found a shadowy altar of Dithmenos.
  8302 | D:9      | Identified the ring of Serendipity {MR+ Str+3 Int+4 Dex+6 SInv} (You found it on level 6 of the Dungeon)
  8320 | D:9      | Identified a scroll of acquirement
  8584 | D:10     | Entered Level 10 of the Dungeon
  8681 | D:10     | Noticed Devintownsend's ghost (journeyman MiFi)
  8696 | D:10     | Killed Devintownsend's ghost
  8728 | D:10     | Reached ***** piety under Okawaru
  8861 | D:10     | Reached skill level 11 in Shields
  9256 | D:10     | Reached XP level 11. HP: 95/95 MP: 10/10
  9402 | D:11     | Found a staircase to the Lair.
  9408 | D:10     | Upgraded the game from 0.20-a0-555-gf6ae02d to 0.20-a0-577-g60d8699
  9471 | D:11     | Noticed Erica
  9479 | D:11     | Killed Erica
  9517 | D:11     | Received a gift from Okawaru
  9657 | D:11     | Noticed a two-headed ogre
  9667 | D:11     | Banished a two-headed ogre
  9866 | D:11     | Noticed a skeletal warrior
  9872 | D:11     | Noticed a death knight
  9875 | D:11     | Noticed a phantasmal warrior
  9885 | D:11     | Noticed a skeletal warrior
  9903 | D:11     | Banished a phantasmal warrior
  9903 | D:11     | Reached skill level 5 in Dodging
  9903 | D:11     | Reached skill level 12 in Shields
  9915 | D:11     | Killed a death knight
 10021 | D:11     | Killed a skeletal warrior
 10021 | D:11     | Received a gift from Okawaru
 10199 | D:11     | Killed a skeletal warrior
 10199 | D:11     | Reached skill level 10 in Armour
 10467 | D:11     | Noticed an unseen horror
 10479 | D:11     | Killed an unseen horror
 10491 | D:11     | Reached skill level 1 in Evocations
 10491 | D:11     | Reached XP level 12. HP: 91/106 MP: 11/11
 10783 | D:12     | Found a staircase to the Orcish Mines.
 11150 | D:12     | Reached skill level 10 in Fighting
 11150 | D:12     | Reached skill level 13 in Shields
 11173 | Orc:1    | Entered Level 1 of the Orcish Mines
 11173 | Orc:1    | Noticed Urug
 11173 | Orc:1    | Noticed an orc warlord
 11177 | Orc:1    | Noticed an orc high priest
 11214 | Orc:1    | Gained mutation: You regenerate slowly when monsters are visible. [a neqoxec]
 11215 | Orc:1    | Killed an orc high priest
 11234 | Orc:1    | Mangled by Urug

Vault maps used:
D:1:      dpeg_arrival_renting, minmay_gold_behind_fungi
D:2:      minitemple, corexii_item_surrounded_by_moat, trog_book
D:3:      lemuel_doored_altar, chequers_temple_overflow_minitemple,
          old_standard_altar, kennysheep_generic_room_9
D:4:      serial_shops, shop
D:5:      temple_statues, serial_shops, shop, nicolae_ossuary_entry_monument,
          first_bread
D:6:      uniq_grinder, uniq_blork_the_orc
D:7:      lemuel_mausoleum_altar_yredelemnul, serial_shops, shop
D:8:      serial_shops, nicolae_shop_competitors_out_of_business, special_room
D:9:      grunt_dithmenos_smoke_and_mirrors
D:10:     hangedman_pestilent_swarm
D:11:     wad_arrow_thing, lair_entry_dummy, grunt_decor_cap,
          kennysheep_generic_room_4, uniq_erica
D:12:     erik_orc_4, uniq_josephine
Orc:1:    serial_shops, shop, shop, nooodl_orcs_dogs, uniq_harold,
          uniq_gastronok, uniq_urug
Ossuary:  ossuary_zaba_flooded

Skill      XL: |  1  2  3  4  5  6  7  8  9 10 11 12 |
---------------+-------------------------------------+-----
Shields        | 4 5 6 7 9 11 12 13 | 13.3
Armour         | 4 5 6 7 8 10 | 10.7
Fighting       | 4 5 6 7 8 9 10 | 10.1
Long Blades    | 3 4 |  4.3
Dodging        | 1 2 3 4 5 |  5.7
Polearms       | 2 3 5 8 9 11 12 | 12.7
Stealth        | 1 |  1.3
Evocations     | 1 |  1.2

Action                   |  1- 3 |  4- 6 |  7- 9 | 10-12 || total
-------------------------+-------+-------+-------+-------++-------
Melee: Long sword        |   122 |     3 |       |       ||   125
       Headbutt          |    17 |    19 |    95 |   143 ||   274
       Spear             |       |   107 |   436 |   598 ||  1141
Invok: Heroism           |       |       |       |     1 ||     1
Evoke: Wand              |       |       |       |     3 ||     3
       Fan of gales      |       |       |       |     1 ||     1
       Lamp of fire      |       |       |       |     1 ||     1
  Use: Scroll            |     5 |     8 |     8 |    16 ||    37
       Potion            |     3 |       |    12 |    11 ||    26
  Eat: Bread ration      |     1 |       |     3 |     1 ||     5
       Meat ration       |     1 |       |       |     1 ||     2
       Fruit             |       |       |     1 |     3 ||     4
       Royal jelly       |       |       |     1 |     5 ||     6
Armor: Scale mail        |    52 |    13 |       |       ||    65
       Chain mail        |       |    16 |    77 |   107 ||   200
       Skin              |       |       |       |     3 ||     3
Dodge: Dodged            |    20 |    19 |    53 |    91 ||   183
Block: Shield            |    47 |    50 |   158 |   337 ||   592
       Rpst.: Long sword |     3 |       |       |       ||     3
